 Dungeon Crawl Stone Soup version 0.20-a0-739-g6bb112f (webtiles) character file.

46 dvd the Sneak (level 3, -1/16 HPs)
             Began as a Vine Stalker Enchanter on Feb 24, 2017.
             Slain by a hobgoblin (2 damage)
             ... on level 3 of the Dungeon.
             The game lasted 00:05:37 (1721 turns).

dvd the Sneak (Vine Stalker Enchanter)              Turns: 1721, Time: 00:05:38

Health: -1/16      AC:  2    Str: 10    XL:     3   Next: 66%
Magic:  0/7        EV: 12    Int: 16    God:
Gold:   0          SH:  0    Dex: 14    Spells: 1/7 levels left

rFire    . . .     SeeInvis .   a - +1 dagger
rCold    . . .     Gourm    .   b - +0 robe
rNeg     . . .     Faith    .   (no shield)
rPois    .         Spirit   +   (no helmet)
rElec    .         Reflect  .   (no cloak)
rCorr    .         Harm     .   (no gloves)
MR       .....                  (no boots)
Stlth    +++.......             (no amulet)
Regen    0.1/turn               (no ring)
MPRegen  0.1/turn               (no ring)

@: no status effects
A: fangs 2, magic shield, antimagic bite, no potion heal 3, rot immunity
a: no special abilities


You were on level 3 of the Dungeon.
You were hungry.

You visited 1 branch of the dungeon, and saw 3 of its levels.

Inventory:

Hand Weapons
 a - a +1 dagger (weapon)
Armour
 b - a +0 robe (worn)
Scrolls
 e - 2 scrolls of identify {unknown}
Potions
 g - a potion of mutation {unknown}
Books
 c - a book of Maledictions

   Spells                             Type                      Level
   a - Corona                         Hexes                        1
   b - Ensorcelled Hibernation        Hexes/Ice                    2
   c - Confuse                        Hexes                        3
   d - Tukima's Dance                 Hexes                        3
   e - Dazzling Spray                 Conjuration/Hexes            3
Comestibles
 d - a bread ration
 f - 5 chunks of flesh


   Skills:
 + Level 1.2 Short Blades
 + Level 1.7 Dodging
 + Level 4.3 Stealth
 + Level 2.5 Spellcasting
 + Level 3.3 Hexes
 + Level 1.0 Ice Magic


You had one spell level left.
You knew the following spells:

 Your Spells              Type           Power        Failure   Level  Hunger
a - Corona                Hex            ##.....      8%          1    #......
b - Ensorcelled Hibernat  Hex/Ice        #.....       14%         2    ##.....
c - Confuse               Hex            ##......     17%         3    ###....


Dungeon Overview and Level Annotations

Branches:
Dungeon (3/15)

Altars:
Vehumet


Innate Abilities, Weirdness & Mutations

You have extremely sharp teeth.
When hurt, damage is shared between your health and your magic reserves.
Your bite disrupts and absorbs the magic of your enemies.
Potions cannot restore your health.
You are immune to rotting.


Message History

You miscast Ensorcelled Hibernation.
Nothing appears to happen.
The hobgoblin hits you.
* * * LOW HITPOINT WARNING * * *
Unknown command.
Found a knobbly smoking staff.
Found a stone staircase leading down.
Found a stone staircase leading up.
Casting: Ensorcelled Hibernation
Confirm with . or Enter, or press ? or * to list all spells.
Aiming: Ensorcelled Hibernation
Press: ? - help, Shift-Dir - straight line, f/p - hobgoblin
Aim: a hobgoblin (chance to defeat MR: 57%)
The hobgoblin resists with significant effort.
The hobgoblin hits you.
* * * LOW HITPOINT WARNING * * *
Unknown command.
Your magical contamination has completely faded away.
Found a stone staircase leading down.
The hobgoblin hits you.
You die...

. #. #.[. ##. # .. #.#.
#.. ## #... #># ###.
#.# ## ... #
######.#....
#...##.#..#.##
#...##@#..#...
#..<#.g...#..### ######
#.....#........###....g
#...g.|........##..###.
#..............#..###..
#.................##...
####...#.......##......
#...#.........###...
#...###...###...#$..


You could see a hobgoblin and a goblin.

Vanquished Creatures
  2 oozes (D:1)
  A dart slug (D:1)
  A giant cockroach (D:1)
  7 goblins
  5 hobgoblins
  A jackal (D:3)
  A quokka (D:2)
  A ball python (D:1)
  3 bats
  3 frilled lizards
  4 kobolds
  4 rats (D:1)
33 creatures vanquished.

Vanquished Creatures (others)
  A jackal (D:3)
1 creature vanquished.

Grand Total: 34 creatures vanquished

Notes
Turn   | Place    | Note
-------+----------+-------------------------------------------
     0 | D:1      | dvd the Vine Stalker Enchanter began the quest for the Orb.
     0 | D:1      | Reached XP level 1. HP: 9/9 MP: 4/4
   190 | D:1      | Reached skill level 1 in Short Blades
   190 | D:1      | Reached XP level 2. HP: 13/13 MP: 6/6
   194 | D:1      | Learned a level 2 spell: Ensorcelled Hibernation
   389 | D:1      | Reached skill level 4 in Stealth
   670 | D:1      | Reached XP level 3. HP: 16/16 MP: 7/7
   675 | D:1      | Learned a level 3 spell: Confuse
  1543 | D:2      | Reached skill level 1 in Ice Magic
  1648 | D:3      | Found a radiant altar of Vehumet.
  1721 | D:3      | Slain by a hobgoblin

Vault maps used:
D:1:      lemuel_arrival_broad_hall, hangedman_decor_clover_reticule,
          serial_bayou_ford_a
D:2:      old_standard_altar
D:3:      fiery_altar_vehumet, first_bread, dk_noncrumbling_2,
          serial_park_tiny_pond, feat_on_display

Skill      XL: |  1  2  3 |
---------------+----------+-----
Short Blades   | 1 |  1.2
Stealth        | 4 |  4.3
Ice Magic      | 1 |  1.0
Dodging        | |  1.7
Spellcasting   | |  2.5
Hexes          | |  3.3

Action                   || total
-------------------------++-------
Melee: Dagger            ||    85
       Bite              ||    17
 Cast: Corona            ||     5
       Ensorcelled Hiber ||    37
 Stab: Sleeping          ||    18
  Eat: Chunk             ||     5
Armor: Robe              ||    19
Dodge: Dodged            ||    70
